 Dungeon Crawl Stone Soup version 0.28-a0-2-g643f2454ad (webtiles) character file.

Game seed: 5646056711787703267

32 graki42 the Shield-Bearer (level 3, -2/26 HPs)
             Began as an Octopode Fighter on July 22, 2021.
             Killed by divine providence
             ... invoked by an orc priest
              (15 damage)
             ... on level 2 of the Dungeon.
             The game lasted 00:01:53 (1508 turns).

graki42 the Shield-Bearer (Octopode Fighter)        Turns: 1508, Time: 00:01:55

Health: -2/26      AC:  1    Str: 15    XL:     3   Next: 27%
Magic:  3/3        EV: 11    Int: 11    God:
Gold:   82         SH:  8    Dex: 11    Spells: 2/2 levels left

rFire   . . .      SeeInvis .   a - +0 long sword
rCold   . . .      Faith    .   b - +0 kite shield
rNeg    . . .      Spirit   .   (helmet restricted)
rPois   .          Reflect  .   (no amulet)
rElec   .          Harm     .   (no ring)
rCorr   .          Rampage  .   (no ring)
Will    .....                   (no ring)
Stlth   ++........              (no ring)
HPRegen 0.08/turn               (no ring)
MPRegen 0.08/turn               (no ring)
                                (no ring)
                                (no ring)

@: no status effects
A: almost no armour, amphibious, 8 rings, camouflage 1, gelatinous body 1,
(nimble swimmer 1), tentacles
a: no special abilities


You were on level 2 of the Dungeon.
You visited 1 branch of the dungeon, and saw 2 of its levels.

You collected 82 gold pieces.

Inventory:

Hand Weapons
 a - a +0 long sword (weapon)
Armour
 b - a +0 kite shield (worn)
Jewellery
 d - a ring of positive energy
Scrolls
 e - 2 scrolls of identify {unknown}
 g - a scroll of immolation
 h - a scroll of fear {unknown}
 i - a scroll of amnesia {unknown}
Potions
 c - a potion of might
 f - a potion of magic {unknown}


   Skills:
 + Level 3.2 Fighting
 + Level 2.3 Long Blades
 + Level 3.2 Dodging
 * Level 3.5 Shields


You had 2 spell levels left.
You didn't know any spells.
Your spell library was empty.

Dungeon Overview and Level Annotations

Branches:
Dungeon (2/15)

Altars:


Innate Abilities, Weirdness & Mutations

You cannot wear most types of armour.
You are amphibious.
You can wear up to eight rings at the same time.
Your skin changes colour to match your surroundings (Stealth+).
Your rubbery body absorbs attacks. (AC +1, EV +1)
((You are camouflaged near water. (Stealth+)))
You have tentacles for arms and can constrict up to eight enemies at once.


Message History

Where to? (? - help)
There is a stone staircase leading down here.
You climb downwards.
There is a stone staircase leading up here.
There is a fountain of clear blue water here.
You open the door.
There is an open door here.
You open the door.
A giant cockroach comes into view.
Found 4 gold pieces.
Found a stone staircase leading up.
The giant cockroach bites you. x2
There is an open door here.
You closely miss the giant cockroach. You grab the giant cockroach.
You constrict the giant cockroach. The giant cockroach bites you.
You barely miss the giant cockroach.
Your squeeze misses the giant cockroach.
The giant cockroach is moderately wounded.
You constrict the giant cockroach. The giant cockroach closely misses you.
The giant cockroach bites you but does no damage.
You barely miss the giant cockroach. You squeeze the giant cockroach.
You kill the giant cockroach!
HP restored.
You now have 82 gold pieces (gained 4).
There is an open door here.
Found an escape hatch in the ceiling. 2 orcs and an orc priest come into view.
An orc is wielding a +2 short sword of venom.
An orc comes into view. It is wielding a +0 short sword.
The orc shouts!
The orc priest shouts!
The orc shouts!
The orc priest invokes the aid of Beogh against you.
Pain shoots through your body!
The orc shouts!
Found a stone staircase leading down.
You slash the orc priest! You grab the orc priest. You squeeze the orc priest.
The orc priest is severely wounded.
You constrict the orc priest. The orc priest hits you with a +0 club.
The orc priest invokes the aid of Beogh against you.
Beogh smites you!
Ouch! That really hurt!
You die...

##<## ### #...# #..
#.⌠.# #.# #...# #.#
#### ##†'##
#.####...##
######.###.##......##
##...##...........<...
#<.⌠..'.⌠..###........
##...##...## #@....###
######.### #o.#### +##
#..# #oo# #..# #o.#
#..# #>..


You could see an orc priest and 3 orcs.

Vanquished Creatures
  2 dart slugs (D:1)
  2 bats (D:1)
  An endoplasm (D:1)
  2 giant cockroaches
  A hobgoblin (D:1)
  7 jackals (D:1)
  6 frilled lizards (D:1)
  3 kobolds (D:1)
  3 rats (D:1)
27 creatures vanquished.

Notes
Turn   | Place    | Note
-------+----------+-------------------------------------------
     0 | D:1      | graki42 the Octopode Fighter began the quest for the Orb.
     0 | D:1      | Reached XP level 1. HP: 16/16 MP: 1/1
   249 | D:1      | Reached XP level 2. HP: 21/21 MP: 2/2
   597 | D:1      | Found a faded altar of an unknown god.
   854 | D:1      | Reached XP level 3. HP: 17/26 MP: 3/3
  1508 | D:2      | Killed from afar by an orc priest

Illustrated notes

Levels and vault maps discovered:
D:1:      scummos_arrival_hexagon, layout_basic,
          hellmonk_ecumenical_altar_blasted, kennysheep_pointless_box,
          hangedman_decor_push, minmay_lizard_pond
D:2:      layout_loops_ring, grunt_ministairs_4

Action                   || total
-------------------------++-------
Melee: Long sword        ||    45
       Constrict         ||    16
       Tentacles         ||    13
 Stab: Sleeping          ||     5
Armor: Skin              ||     4
Dodge: Dodged            ||    25
Block: Kite shield       ||    18
       Rpst.: Long sword ||     8

Table legend: (Time is in decaauts)
 A = Elapsed time spent in this place.
 B = Non-inter-level travel time spent in this place.
 C = Inter-level travel time spent in this place.
 D = Time resting spent in this place.
 E = Time spent auto-exploring this place.
 F = Levels seen in this place.
 G = Mean time per level.
                   A        B        C        D        E       F      G
               +--------+--------+--------+--------+--------+-----+--------+
         Total |   1530 |   1492 |     38 |    146 |   1203 |   2 |  765.0 |
       Dungeon |   1530 |   1492 |     38 |    146 |   1203 |   2 |  765.0 |
               +--------+--------+--------+--------+--------+-----+--------+

Top non-repeatable levels by time:
     D:1: 1453 daAuts
     D:2: 76 daAuts
